 Dungeon Crawl Stone Soup version 0.22-a0-455-ga0624bf (webtiles) character file.

18720 pk666 the Thaumaturge (level 12, -6/59 HPs)
             Began as a Deep Elf Fire Elementalist on June 5, 2018.
             Was an Elder of Vehumet.
             Mangled by a snapping turtle (23 damage)
             ... on level 2 of the Lair of Beasts.
             The game lasted 00:47:21 (14226 turns).

pk666 the Thaumaturge (Deep Elf Fire Elementalist) Turns: 14226, Time: 00:47:22

Health: -6/59      AC:  3    Str:  5    XL:     12   Next: 30%
Magic:  35/41      EV: 14    Int: 26    God:    Vehumet [****..]
Gold:   824        SH:  0    Dex: 15    Spells: 20/39 levels left

rFire    . . .     SeeInvis +   O - staff of wizardry
rCold    . . .     Gourm    .   (no shield)
rNeg     . . .     Faith    .   a - +0 robe
rPois    .         Spirit   .   (no helmet)
rElec    .         Reflect  .   (no cloak)
rCorr    .         Harm     .   w - +0 pair of gloves
MR       +....                  (no boots)
Stlth    +.........             g - amulet of magic regeneration
HPRegen  0.19/turn              y - ring of see invisible
MPRegen  0.52/turn              l - ring of magical power

@: very slow
A: no striking features
a: Renounce Religion


You were on level 2 of the Lair of Beasts.
You worshipped Vehumet.
Vehumet was greatly pleased with you.
You were very hungry.

You visited 3 branches of the dungeon, and saw 14 of its levels.

You collected 824 gold pieces.

Inventory:

Hand Weapons
 B - a +0 club of chaos
Armour
 a - a +0 robe (worn)
 w - a +0 pair of gloves (worn)
Magical Staves
 O - an uncursed staff of wizardry (weapon)
Jewellery
 d - an uncursed ring of resist corrosion
 f - an uncursed ring of protection from fire
 g - an amulet of magic regeneration (around neck)
 i - a +5 ring of protection {unknown}
 l - a ring of magical power (right hand)
 p - an uncursed ring of protection from cold
 y - a ring of see invisible (left hand)
 G - an uncursed amulet of the gourmand
 M - an uncursed amulet of faith
 R - an uncursed ring of magical power
Wands
 q - a wand of random effects (21)
 x - a wand of disintegration (4)
 H - a wand of flame (52)
 L - a wand of iceblast (6)
Scrolls
 j - 8 scrolls of remove curse
 k - 2 scrolls of immolation {unknown}
 m - 2 scrolls of fear {unknown}
 o - 3 scrolls of magic mapping {unknown}
 s - a scroll of teleportation {unknown}
 t - 3 scrolls of amnesia {unknown}
 v - 3 scrolls of enchant armour {unknown}
 z - 4 scrolls of fog {unknown}
 C - a scroll of holy word {unknown}
 E - 8 scrolls of identify
 I - 3 scrolls of enchant weapon {unknown}
 K - a scroll of random uselessness {unknown}
 N - a scroll of blinking {unknown}
Potions
 b - 2 potions of brilliance
 e - 5 potions of heal wounds
 h - a potion of cancellation {unknown}
 n - 3 potions of berserk rage
 r - a potion of resistance
 u - 2 potions of agility {unknown}
 A - a potion of might
 D - 2 potions of lignification {unknown}
 F - 5 potions of curing {unknown}
 J - 2 potions of mutation {unknown}
 P - 2 potions of flight {unknown}
 Q - a potion of invisibility {unknown}
Comestibles
 c - 29 rations


   Skills:
 + Level 4.4 Dodging
 - Level 2.4 Stealth
 + Level 14.2 Spellcasting
 + Level 12.5 Conjurations
 + Level 12.5 Fire Magic
 - Level 5.0 Earth Magic


You had 20 spell levels left.
You knew the following spells:

 Your Spells              Type           Power        Failure   Level  Hunger
a - Flame Tongue          Conj/Fire      #####        0%          1    None
b - Sticky Flame          Conj/Fire      ######..     1%          4    None
c - Conjure Flame         Conj/Fire      ######..     1%          3    None
d - Iron Shot             Conj/Erth      ######....   1%          6    ####...
z - Fireball              Conj/Fire      ######....   1%          5    ##.....

Your spell library contained the following spells:

 Spells                   Type           Power        Failure   Level  Hunger
 Bolt of Magma            Conj/Fire/Erth ######....   1%          5    ##.....
 Throw Flame              Conj/Fire      ######       1%          2    None
 Venom Bolt               Conj/Pois      ######....   1%          5    ##.....
 Statue Form              Tmut/Erth      ####.....    52%         6    ####...
 Dragon Form              Tmut           ###.......   100%        7    ######.
 Orb of Destruction       Conj           ######....   1%          7    ######.
 Inner Flame              Hex/Fire       ######..     1%          3    None
 Iskenderun's Battlesphe  Conj/Chrm      ######..     1%          5    ##.....
 Spellforged Servitor     Conj/Summ      ######....   21%         7    ######.
 Hydra Form               Tmut           ###.......   86%         6    ####...
 Irradiate                Conj/Tmut      ######....   1%          5    ##.....


Dungeon Overview and Level Annotations

Branches:
Dungeon (11/15)            Temple (1/1) D:7            Lair (2/6) D:11
 Shoals (0/4) Lair:2          Orc (0/2) D:11
  Snake: Lair:2-4    Spider: Lair:2-4

Altars:
Ashenzari
Cheibriados
Dithmenos
Elyvilon
Fedhas
Gozag
Hepliaklqana
Kikubaaqudgha
Makhleb
Nemelex Xobeh
Okawaru
Qazlal
Ru
Sif Muna
Trog
Uskayaw
Vehumet
Wu Jian
Xom
Yredelemnul
Zin
The Shining One

Shops:
D:6 }

Annotations:
D:3 1 runed door


Message History

The blink frog blinks! x3
The snapping turtle bites you from afar.
Casting: Fireball (safe; 1% risk of failure)
Confirm with . or Enter, or press ? or * to list all spells.
Aiming: Flame Tongue (safe; 0% risk of failure)
Press: ? - help, Shift-Dir - straight line, f - blink frog, p - snapping turtle
Aim: a blink frog (almost dead)
The flame tongue misses the blink frog.
The blink frog blinks!
The blink frog closely misses you.
A blink frog comes into view.
The blink frog blinks!
The blink frog barely misses you.
A spiny frog comes into view.
The blink frog closely misses you.
The snapping turtle bites you from afar!
* * * LOW HITPOINT WARNING * * *
You feel much better.
The blink frog blinks!
The blink frog hits you!
* * * LOW HITPOINT WARNING * * *
The blink frog blinks!
The snapping turtle bites you from afar!!
You die...

#####≈≈≈......##..(.
##...##≈≈.....## . .
#.....#≈≈....P# ..
#..>..#≈≈†.†F## ..≈
...†.#≈≈.?...# ..≈≈
.F. #§≈.F#....
..≈≈≈##t##≈≈≈..FP.....
...≈≈≈≈.≈≈≈≈#.........
....≈≈≈§@§≈#........F.
........F..F........#.
#.......#<.......
.....#.##........
...?..# ##P......
#..... #...##. #.....
#..# #..... #.# #.. ..


You could see a snapping turtle, a spiny frog (wandering) and 4 blink frogs.

Vanquished Creatures
  A hydra (Lair:1)
  Erica (D:8)
  3 two-headed ogres
  A manticore (D:11)
  2 black mambas
  A gargoyle (D:11)
  4 spiny frogs (Lair:1)
  A hornet (D:11)
  2 hippogriffs
  Prince Ribbit (D:7)
  5 blink frogs (Lair:2)
  2 wyverns (D:10)
  2 vampires
  18 yaks (D:11)
  A hungry ghost (D:11)
  An acid dragon (D:11)
  3 water moccasins (Lair:1)
  2 porcupines
  6 orc warriors
  3 ice beasts
  4 black bears
  A hornet zombie (D:11)
  4 sky beasts
  7 ogres
  3 phantoms
  A necrophage (D:7)
  6 wolves (Lair:1)
  3 centaurs
  A crocodile (Lair:1)
  6 big kobolds
  The ghost of emperorscorpion the Magician, an amateur DEWz of Vehumet (D:3)
  11 bullfrogs
  A gnoll sergeant (D:9)
  A wyvern skeleton (D:10)
  7 scorpions
  8 killer bees
  5 wights (D:8)
  An electric eel (Lair:2)
  3 howler monkeys
  2 centaur zombies
  2 jellies
  7 orc wizards
  7 orc priests
  A bullfrog skeleton (D:9)
  3 centaur skeletons
  6 hounds
  2 iguanas
  9 worker ants
  3 hound skeletons
  8 adders
  6 gnolls
  4 shadow imps
  2 adder skeletons
  A worm (D:6)
  3 dart slugs
  5 leopard geckos
  70 orcs
  7 bats
  2 giant cockroaches
  3 hobgoblins
  18 jackals
  7 quokkas
  3 frilled lizards
  4 goblins (D:1)
  25 kobolds
  A quokka skeleton (D:9)
  9 rats
354 creatures vanquished.

Vanquished Creatures (others)
  A quokka (D:8)
1 creature vanquished.

Grand Total: 355 creatures vanquished

Notes
Turn   | Place    | Note
-------+----------+-------------------------------------------
     0 | D:1      | pk666 the Deep Elf Fire Elementalist began the quest for the Orb.
     0 | D:1      | Reached XP level 1. HP: 10/10 MP: 6/6
   246 | D:1      | Reached XP level 2. HP: 15/15 MP: 6/8
   918 | D:2      | Reached XP level 3. HP: 19/19 MP: 7/10
  2059 | D:3      | Reached skill level 4 in Spellcasting
  2059 | D:3      | Reached XP level 4. HP: 17/24 MP: 12/12
  2124 | D:3      | Noticed emperorscorpion's ghost (amateur DEWz)
  2251 | D:3      | Learned a level 4 spell: Sticky Flame
  2255 | D:3      | Learned a level 3 spell: Conjure Flame
  2556 | D:3      | Killed emperorscorpion's ghost
  2556 | D:3      | Reached XP level 5. HP: 28/28 MP: 10/13
  2662 | D:3      | Found a white marble altar of Elyvilon.
  2664 | D:3      | Found a runed door.
  2664 | D:3      | Noticed an angel
  3122 | D:4      | Reached XP level 6. HP: 21/32 MP: 15/15
  3230 | D:4      | Learned a level 5 spell: Fireball
  3319 | D:4      | Reached skill level 5 in Spellcasting
  3380 | D:4      | Reached skill level 5 in Conjurations
  3854 | D:4      | Found a shadowy altar of Dithmenos.
  3859 | D:4      | Found an ancient bone altar of Kikubaaqudgha.
  4117 | D:5      | Entered Level 5 of the Dungeon
  4173 | D:5      | Reached skill level 5 in Fire Magic
  4403 | D:5      | Found a stormy altar of Qazlal.
  4564 | D:5      | Noticed a sky beast
  4574 | D:5      | Killed a sky beast
  4574 | D:5      | Reached XP level 7. HP: 36/36 MP: 17/17
  4618 | D:5      | Reached skill level 6 in Spellcasting
  5346 | D:6      | Found a deep blue altar of Sif Muna.
  5361 | D:6      | Found a bloodstained altar of Trog.
  5488 | D:6      | Reached skill level 7 in Spellcasting
  5507 | D:6      | Reached XP level 8. HP: 41/41 MP: 20/20
  5841 | D:6      | Found Fuva's Gadget Boutique.
  6205 | D:6      | Reached skill level 8 in Spellcasting
  6798 | D:6      | Found a shimmering altar of Xom.
  7059 | D:7      | Noticed Prince Ribbit
  7096 | D:7      | Reached skill level 9 in Spellcasting
  7129 | D:7      | Found a burning altar of Makhleb.
  7135 | D:7      | Reached XP level 9. HP: 45/45 MP: 24/24
  7285 | D:7      | Found a shattered altar of Ashenzari.
  7528 | D:7      | Found a staircase to the Ecumenical Temple.
  7663 | Temple   | Entered the Ecumenical Temple
  7875 | D:7      | Killed Prince Ribbit
  8286 | D:8      | Noticed a two-headed ogre
  8295 | D:8      | Killed a two-headed ogre
  8295 | D:8      | Reached skill level 10 in Spellcasting
  8779 | D:8      | Found a radiant altar of Vehumet.
  8786 | D:8      | Became a worshipper of Vehumet
  8829 | D:8      | Reached XP level 10. HP: 50/50 MP: 26/26
  8854 | D:8      | Noticed Erica
  8865 | D:8      | Killed Erica
  8865 | D:8      | Reached skill level 11 in Spellcasting
  8983 | D:8      | Found a white marble altar of Elyvilon.
  8993 | D:8      | Reached skill level 10 in Conjurations
  8993 | D:8      | Reached skill level 10 in Fire Magic
  9952 | D:9      | Reached * piety under Vehumet
  9952 | D:9      | Offered knowledge of Sandblast by Vehumet.
  9985 | D:9      | Found a white marble altar of Elyvilon.
 10817 | D:10     | Entered Level 10 of the Dungeon
 10875 | D:10     | Reached skill level 12 in Spellcasting
 10885 | D:10     | Noticed a two-headed ogre
 10893 | D:10     | Killed a two-headed ogre
 11314 | D:10     | Reached ** piety under Vehumet
 11314 | D:10     | Offered knowledge of Freeze by Vehumet.
 11504 | D:10     | Reached XP level 11. HP: 27/54 MP: 28/29
 11753 | D:10     | Learned a level 6 spell: Iron Shot
 11865 | D:10     | Reached skill level 1 in Earth Magic
 12131 | D:11     | Noticed a two-headed ogre
 12134 | D:11     | Killed a two-headed ogre
 12236 | D:11     | Offered knowledge of Ignite Poison by Vehumet.
 12236 | D:11     | Reached skill level 13 in Spellcasting
 12362 | D:11     | Reached *** piety under Vehumet
 12700 | D:11     | Offered knowledge of Dazzling Spray by Vehumet.
 12744 | D:11     | Found a staircase to the Orcish Mines.
 12853 | D:11     | Reached **** piety under Vehumet
 13029 | D:11     | Found a staircase to the Lair.
 13167 | Lair:1   | Entered Level 1 of the Lair of Beasts
 13179 | Lair:1   | Offered knowledge of Airstrike by Vehumet.
 13181 | Lair:1   | Reached skill level 5 in Earth Magic
 13354 | Lair:1   | Reached XP level 12. HP: 59/59 MP: 29/31
 13390 | Lair:1   | Noticed a five-headed hydra
 13399 | Lair:1   | Killed a five-headed hydra
 13733 | Lair:1   | Reached skill level 14 in Spellcasting
 14221 | Lair:2   | Found a staircase to the Shoals.
 14225 | Lair:2   | HP: 2/59 [snapping turtle (16)]
 14226 | Lair:2   | Mangled by a snapping turtle

Vault maps used:
D:1:      minmay_arrival_four_houses
D:3:      cheibrodos_helix_gallery, first_ration, lemuel_angel_altar
D:4:      minitemple
D:5:      grunt_qazlal_sundering
D:6:      black_bear_nest_1, tgw_xom, kennysheep_mini, trog_ov_bears_minmay,
          serial_shops, nicolae_shop_waterfront
D:7:      makhleb_blood_cavern_becter, ashenzari_conservatory_becter,
          minmay_temple_entry_junction, uniq_prince_ribbit1
D:8:      kennysheep_little_box, elyvilon_altar_4, uniq_erica
D:9:      basic_altar, blue_anna_alchemist
D:10:     kennysheep_windowed_goal
D:11:     lair_entry_dummy, david_orc_2, grunt_ministairs_14
Temple:   nicolae_temple_no_exploring_needed
Lair:1:   beast_lair_carwin_8
Lair:2:   minmay_shoals_entry_hut, dummy_snake_entry,
          portal_ice_cave_entry_pillars_1, special_room,
          grunt_forest_large_clearing_hut

Skill      XL: |  1  2  3  4  5  6  7  8  9 10 11 12 |
---------------+-------------------------------------+-----
Conjurations   | 2 3 4 5 6 8 9 11 12 | 12.5
Spellcasting   | 4 5 7 9 10 12 13 14 | 14.2
Fire Magic     | 4 5 6 7 9 11 12 | 12.5
Earth Magic    | 5 |  5.0
Dodging        | 4 |  4.4
Stealth        | |  2.4

Action                   |  1- 3 |  4- 6 |  7- 9 | 10-12 || total
-------------------------+-------+-------+-------+-------++-------
Melee: Unarmed           |     1 |       |    16 |     8 ||    25
 Cast: Flame Tongue      |    75 |    87 |   239 |   203 ||   604
       Conjure Flame     |       |     6 |    24 |    22 ||    52
       Fireball          |       |       |     3 |   133 ||   136
       Sticky Flame      |       |       |       |     9 ||     9
  Use: Scroll            |       |       |     6 |     4 ||    10
       Potion            |       |       |       |     1 ||     1
  Eat: Chunk             |     3 |     8 |    13 |    26 ||    50
Armor: Robe              |     8 |     1 |    16 |    11 ||    36
Dodge: Dodged            |    25 |     9 |    63 |    60 ||   157

Table legend:
 A = Spawn XP
 B = Non-spawn XP
 C = Spawn XP percentage of total XP
 D = Spawn monster count
 E = Non-spawn monster count
 F = Spawn count percentage of total count
 G = Total turns spent on level
                    A         B        C        D         E        F      G
               +---------+---------+-------+---------+---------+-------+---------
         Total |       0 |   26743 |   0.0 |       0 |     354 |   0.0 | 14226
               +---------+---------+-------+---------+---------+-------+---------
           D:1 |       0 |      32 |   0.0 |       0 |      20 |   0.0 |   859
           D:2 |       0 |      27 |   0.0 |       0 |      10 |   0.0 |  1056
           D:3 |       0 |     239 |   0.0 |       0 |      22 |   0.0 |  1086
           D:4 |       0 |     201 |   0.0 |       0 |       9 |   0.0 |  1154
           D:5 |       0 |     626 |   0.0 |       0 |      25 |   0.0 |  1162
           D:6 |       0 |    1261 |   0.0 |       0 |      23 |   0.0 |  1702
           D:7 |       0 |    1431 |   0.0 |       0 |      32 |   0.0 |  1186
           D:8 |       0 |    3432 |   0.0 |       0 |      40 |   0.0 |  1262
           D:9 |       0 |    1145 |   0.0 |       0 |      32 |   0.0 |  1468
          D:10 |       0 |    3257 |   0.0 |       0 |      43 |   0.0 |  1240
          D:11 |       0 |    8181 |   0.0 |       0 |      70 |   0.0 |   990
        Lair:1 |       0 |    4675 |   0.0 |       0 |      19 |   0.0 |  1010
        Lair:2 |       0 |    2236 |   0.0 |       0 |       9 |   0.0 |    49
               +---------+---------+-------+---------+---------+-------+---------
